 Dungeon Sprint DCSS version bcrawl-1.12-11-gb93c957c58 (webtiles) character file.

Game seed: 9577949705094742553

305689 Freyura the Conqueror (level 18, -3/200 HPs)
             Began as a Minotaur Fighter on June 23, 2019.
             Was the Champion of the Shining One.
             Killed from afar by an orb of fire (28 damage)
             ... with a fireball
             ... in the Dungeon (Sprint IX: "|||||||||||||||||||||||||||||").
             The game lasted 01:14:30 (9123 turns).

Freyura the Conqueror (Minotaur Fighter)            Turns: 9123, Time: 01:14:30

Health: -3/200     AC: 30    Str: 21    XL:     18   Next: 86%
Magic:  27/34      EV: 25    Int: 11    God:    the Shining One [******]
Gold:   1311       SH: 34    Dex: 26    Spells: 36/36 levels left

rFire    . . .     SeeInvis .   w - +9 sacred scourge (holy)
rCold    + . .     Gourm    .   Y - +5 large shield
rNeg     + + +     Faith    .   Z - +2 gold dragon scales
rPois    +         Spirit   .   (helmet restricted)
rElec    +         Reflect  +   r - +1 cloak
rCorr    +         Harm     .   g - +0 pair of gloves
MR       +....     NoTele   +   a - +0 pair of boots
Stlth    ..........             c - amulet of Oraf {Reflect rElec rF- Dex+3 SH+2}
HPRegen  0.43/turn              S - +3 ring of slaying
MPRegen  0.24/turn              R - ring "Wessum" {rCorr Int+4 Dex+5}

@: glowing
A: retaliatory headbutt, horns 2, repulsion field 1, clever 1, deformed body,
subdued magic 1
}: 5/17 runes: decaying, serpentine, barnacled, silver, gossamer
a: Divine Shield, Cleansing Flame, Summon Divine Warrior, Renounce Religion


You were in the Dungeon.
You worshipped the Shining One.
The Shining One was exalted by your worship.
You were not hungry.

You visited 1 branch You collected 1977 gold pieces.
You spent 666 gold pieces at shops.

Inventory:

Hand Weapons
 o - a +9 scimitar of flaming
 w - a +9 sacred scourge of holy wrath (weapon)
Missiles
 y - 2 throwing nets (quivered) {!f}
Armour
 a - a +0 pair of boots (worn)
 g - a +0 pair of gloves (worn)
 r - a +1 cloak (worn)
 Y - a +5 large shield (worn)
 Z - +2 gold dragon scales (worn)
Jewellery
 c - the amulet of Oraf (around neck) {Reflect rElec rF- Dex+3 SH+2}
   (You found it in the Dungeon)

   [amulet of reflection]

   It shields you and reflects attacks.
   It affects your dexterity (+3).
   It makes you vulnerable to fire.
   It insulates you from electricity.
   It affects your SH (+2).
 q - a +6 ring of dexterity
 t - an uncursed ring of protection from fire
 G - a +6 ring of dexterity
 H - a +4 ring of evasion
 O - a +4 ring of evasion
 R - the ring "Wessum" (right hand) {rCorr Int+4 Dex+5}
   (You found it in the Dungeon)

   [ring of resist corrosion]

   It affects your intelligence (+4).
   It affects your dexterity (+5).
 S - a +3 ring of slaying (left hand)
Wands
 d - a wand of polymorph (18)
 n - a wand of iceblast (7)
Scrolls
 k - 4 scrolls of blinking
 l - 6 scrolls of remove curse
 m - 2 scrolls of amnesia
 u - 3 scrolls of identify
 v - 5 scrolls of fear
 x - 2 scrolls of fog
 J - a scroll of enchant weapon
Potions
 b - a potion of brilliance
 e - 9 potions of curing
 h - 8 potions of haste
 i - 4 potions of magic
 j - 4 potions of berserk rage
 D - 3 potions of might
 E - 2 potions of agility
 K - 4 potions of heal wounds
 M - a potion of cancellation
 N - 2 potions of lignification
Comestibles
 f - 7 rations {!d}


   Skills:
 O Level 27 Fighting
 - Level 14.4 Long Blades
 * Level 24.6 Maces & Flails
 O Level 27 Armour
 O Level 27 Dodging
 O Level 27 Shields
 - Level 9.9 Spellcasting
 O Level 27 Invocations
 + Level 12.5 Evocations


You had 36 spell levels left.
You didn't know any spells.
Your spell library contained the following spells:

 Spells                   Type           Power        Failure   Level  Hunger
 Ensorcelled Hibernation  Hex/Ice        #.....       86%         2    None
 False Image              Hex/Summ       #.......     98%         3    ##.....
 Ignite Poison            Fire/Tmut/Pois #.......     98%         3    ##.....
 Static Discharge         Conj/Air       #.......     98%         3    ##.....
 Cause Fear               Hex            #.........   100%        4    ####...
 Lightning Bolt           Conj/Air       #.........   100%        5    #####..
 Venom Bolt               Conj/Pois      #.........   100%        5    #####..
 Chain Lightning          Conj/Air       #.........   100%        8    #######
 Ignition                 Fire           #.........   100%        8    #######
 Shatter                  Erth           #.........   100%        9    #######
 Tornado                  Air            #.........   100%        9    #######


Dungeon Overview and Level Annotations

Branches:
Dungeon (1/1)

Altars:
Cheibriados
Dithmenos
Elyvilon
Fedhas
Gozag
Hepliaklqana
Kikubaaqudgha
Lugonu
Makhleb
Nemelex Xobeh
Okawaru
Qazlal
Ru
Sif Muna
Trog
Uskayaw
Vehumet
Wu Jian
Xom
Yredelemnul
Zin
The Shining One
Beogh
Jiyva

Shops:
D !([:


Innate Abilities, Weirdness & Mutations

You reflexively headbutt those who attack you in melee.
You have a pair of horns on your head.
You are surrounded by a mild repulsion field. (EV +2)
Your mind is acute. (Int +2)
Armour fits poorly on your strangely shaped body.
Your spells are a little easier to cast, but a little less powerful.


Message History

The orb of fire glows bright magenta.
The fireball explodes!
The fireball engulfs you!
* * * LOW HITPOINT WARNING * * *
The orb of fire glows deep purple.
The fireball explodes!
The fireball engulfs you! The Shining One protects you from harm!
Evoke which item? (* to show all) (? for menu, Esc to quit)
Aiming: Iceblast
Press: ? - help, Shift-Dir - straight line, f/p - orb of fire
Aim: an orb of fire (heavily damaged, haloed)
The mass of ice explodes!
The iceblast engulfs the orb of fire.
The orb of fire is severely damaged.
You hit the orb of fire but do no damage.
Your headbutt misses the orb of fire.
The orb of fire is severely damaged.
You thrash the orb of fire!! You headbutt the orb of fire.
The orb of fire is almost destroyed.
The orb of fire glows yellow.
The fireball explodes!
The fireball engulfs you!
You die...

.♣.▓)▓.▓.▓.▓.▓.▓
.♣.▓+▓.▓[▓.▓.▓.▓
÷♣.▓.▓.▓.▓.▓.▓.▓
[▓.▓.▓.▓.▓.▓)▓.▓
÷▓.▓.▓.▓.▓.▓)▓.▓+▓
.▓.▓.▓.▓[▓.▓.▓.▓.▓
.▓.▓.▓.▓[▓.▓)▓.▓'▓
.▓.▓.▓.▓[▓.▓.▓.▓*▓
.▓.▓)▓.▓.▓.▓[▓.▓@▓
.▓.▓)▓.▓.▓.▓)▓.▓.▓
.▓.▓)▓.▓[▓.▓)▓.▓.▓
.▓.▓)▓.▓)▓.▓'▓.▓.▓
.▓.▓)▓.▓)▓)▓.▓.▓.▓
.▓.▓.▓.▓.▓.▓.▓.▓.▓
.▓.▓.▓.▓)▓.▓.▓.▓.▓
.▓.▓.▓.▓.▓.▓.▓.▓.▓
'▓.▓.▓.▓.▓.▓.▓.▓[▓


You could see an orb of fire.

Vanquished Creatures
  An ancient lich (D)
  Mennas (D)
  Sojobo (D)
  Boris (D)
  Frederick (D)
  Xtahua (D)
  Jory (D)
  3 golden dragons (D)
  2 bone dragons (D)
  Gastronok (D)
  Rupert (D)
  11 Orb Guardians (D)
  A tentacled monstrosity (D)
  2 titans (D)
  4 quicksilver dragons (D)
  2 death cobs (D)
  7 shadow dragons (D)
  2 storm dragons (D)
  8 nagarajas (D)
  3 tengu reavers (D)
  A draconian monk (D)
  2 vault wardens (D)
  A draconian shifter (D)
  Aizul (D)
  4 emperor scorpions (D)
  Louise (D)
  4 stone giants (D)
  A draconian stormcaller (D)
  2 very ugly things (D)
  4 ironheart preservers (D)
  A spriggan defender (D)
  4 draconian annihilators (D)
  2 green draconians (D)
  2 red draconians (D)
  2 vampire knights (D)
  3 white draconians (D)
  Azrael (D)
  2 dire elephants (D)
  2 black draconians (D)
  A purple draconian (D)
  3 yellow draconians (D)
  An ettin (D)
  Snorg (D)
  4 fire dragons (D)
  3 merfolk impalers (D)
  8 hydras (D)
  4 yaktaur captains (D)
  A great orb of eyes (D)
  25 vault guards (D)
  3 ice dragons (D)
  2 naga warriors (D)
  An anaconda (D)
  Erica (D)
  2 merfolk aquamancers (D)
  2 centaur warriors (D)
  2 two-headed ogres (D)
  An alligator (D)
  5 ogre magi (D)
  A shadow wraith (D)
  3 deep elf knights (D)
  A shock serpent (D)
  A wizard (D)
  A skeletal warrior (D)
  7 swamp dragons (D)
  A glowing orange brain (D)
  A spriggan druid (D)
  7 ironbrand convokers (D)
  A cyclops (D)
  A deep elf mage (D)
  2 orc knights (D)
  3 ugly things (D)
  2 mana vipers (D)
  A harpy (shapeshifter) (D)
  A necromancer (D)
  2 manticores (D)
  4 wolf spiders (D)
  6 orc sorcerers (D)
  7 moths of wrath (D)
  A moth of wrath (shapeshifter) (D)
  Maurice (D)
  6 elephants (D)
  A vault sentinel (D)
  5 naga magi (D)
  Joseph (D)
  A merfolk siren (D)
  A black mamba (D)
  3 cane toads (D)
  4 yaktaurs (D)
  A freezing wraith (D)
  2 demonic crawlers (D)
  A komodo dragon (D)
  A guardian mummy (D)
  2 merfolk (D)
  A queen bee (shapeshifter) (D)
  2 tengu conjurers (D)
  5 jumping spiders (D)
  A jumping spider (shapeshifter) (D)
  2 tyrant leeches (D)
  A slime creature (D)
  A snapping turtle (D)
  2 bog bodies (D)
  A hippogriff (D)
  2 redbacks (D)
  A redback (shapeshifter) (D)
  3 tarantellas (D)
  2 yaks (D)
  A yak (shapeshifter) (D)
  A wyvern (D)
  A basilisk (D)
  5 fire elementals (D)
  Grum (D)
  A vampire mosquito (D)
  3 acid dragons (D)
  2 water moccasins (D)
  3 porcupines (D)
  8 orc warriors (D)
  A swamp drake (D)
  A black bear (D)
  2 ice beasts (D)
  A phantom (D)
  2 wolves (D)
  A crocodile (D)
  4 bullfrogs (D)
  A wight (D)
  A jelly (D)
  An orc priest (D)
  12 orc wizards (D)
  An adder (D)
  A gnoll (D)
  A dart slug (D)
  10 orcs (D)
  A bat skeleton (D)
  A hobgoblin (D)
  A jackal (D)
  A quokka (D)
  A kobold (D)
  A leopard gecko simulacrum (D)
  A quokka skeleton (D)
  A rat (D)
346 creatures vanquished.

Vanquished Creatures (collateral kills)
  A curse toe (D)
  An Orb Demon (D)
  3 Orb Guardians (D)
  A nagaraja (D)
  A frost giant (D)
  Ilsuiw (D)
  A draconian stormcaller (D)
  A draconian annihilator (D)
  2 very ugly things (D)
  A green draconian (D)
  A deep elf annihilator (D)
  3 merfolk javelineers (D)
  5 merfolk impalers (D)
  A great orb of eyes (D)
  A naga warrior (D)
  A deep troll shaman (D)
  A merfolk (D)
  A swamp worm (shapeshifter) (D)
27 creatures vanquished.

Grand Total: 373 creatures vanquished

Notes
Turn   | Place    | Note
-------+----------+-------------------------------------------
     0 | D        | Freyura the Minotaur Fighter began the quest for the Orb.
     0 | D        | Reached XP level 1. HP: 19/19 MP: 0/0
    21 | D        | Reached skill level 1 in Dodging
   122 | D        | Noticed an ice beast
   124 | D        | Reached XP level 2. HP: 27/27 MP: 1/1
   135 | D        | Killed an ice beast
   135 | D        | Reached skill level 5 in Fighting
   135 | D        | Reached skill level 5 in Armour
   135 | D        | Reached XP level 3. HP: 34/36 MP: 2/2
   135 | D        | Reached XP level 4. HP: 40/42 MP: 3/3
   147 | D        | Found a roughly hewn altar of Beogh.
   147 | D        | Found a snail-covered altar of Cheibriados.
   147 | D        | Found a shadowy altar of Dithmenos.
   147 | D        | Found a white marble altar of Elyvilon.
   147 | D        | Found a blossoming altar of Fedhas.
   147 | D        | Found an opulent altar of Gozag.
   148 | D        | Found a hazy altar of Hepliaklqana.
   149 | D        | Found a viscous altar of Jiyva.
   150 | D        | Found an ancient bone altar of Kikubaaqudgha.
   151 | D        | Found a corrupted altar of Lugonu.
   152 | D        | Found a burning altar of Makhleb.
   153 | D        | Found a sparkling altar of Nemelex Xobeh.
   154 | D        | Found an iron altar of Okawaru.
   155 | D        | Found a stormy altar of Qazlal.
   156 | D        | Found a sacrificial altar of Ru.
   157 | D        | Found a deep blue altar of Sif Muna.
   158 | D        | Found a bloodstained altar of Trog.
   159 | D        | Found a hide-covered altar of Uskayaw.
   160 | D        | Found a radiant altar of Vehumet.
   161 | D        | Found an ornate altar of the Wu Jian Council.
   162 | D        | Found a shimmering altar of Xom.
   163 | D        | Found a basalt altar of Yredelemnul.
   164 | D        | Found a glowing silver altar of Zin.
   165 | D        | Found a glowing golden altar of the Shining One.
   173 | D        | Became a worshipper of the Shining One
   219 | D        | Noticed an ogre mage
   219 | D        | Noticed a red ugly thing
   219 | D        | Noticed a black bear
   219 | D        | Reached * piety under the Shining One
   219 | D        | Noticed an ice beast
   219 | D        | Noticed a bullfrog
   221 | D        | Killed a bullfrog
   221 | D        | Reached XP level 5. HP: 50/50 MP: 4/4
   233 | D        | Killed a red ugly thing
   233 | D        | Reached skill level 10 in Shields
   233 | D        | Reached XP level 6. HP: 61/61 MP: 5/5
   233 | D        | Reached XP level 7. HP: 67/67 MP: 6/6
   243 | D        | Killed an ogre mage
   243 | D        | Reached ** piety under the Shining One
   243 | D        | Reached skill level 10 in Long Blades
   243 | D        | Reached XP level 8. HP: 45/78 MP: 7/7
   407 | D        | Noticed a two-headed ogre
   407 | D        | Noticed a red ugly thing
   407 | D        | Reached *** piety under the Shining One
   417 | D        | Killed a red ugly thing
   420 | D        | Reached skill level 10 in Armour
   420 | D        | Reached XP level 9. HP: 57/85 MP: 8/8
   423 | D        | Killed a two-headed ogre
   423 | D        | Reached skill level 10 in Fighting
   638 | D        | Gained mutation: You are frail. (-10% HP) [potion of
                  | mutation]
   638 | D        | Lost mutation: You are frail. (-10% HP) [potion of
                  | mutation]
   639 | D        | Gained mutation: Your spells are a little easier to cast,
                  | but a little less powerful. [potion of mutation]
   639 | D        | Gained mutation: You are surrounded by a mild repulsion
                  | field. (EV +2) [potion of mutation]
   640 | D        | Noticed a six-headed hydra
   640 | D        | Reached **** piety under the Shining One
   641 | D        | Noticed a cane toad
   645 | D        | Killed a one-headed hydra
   659 | D        | Killed a cane toad
   659 | D        | Reached skill level 10 in Dodging
   659 | D        | Reached XP level 10. HP: 57/96 MP: 9/9
   668 | D        | Reached skill level 15 in Shields
   820 | D        | Noticed a six-headed hydra
   820 | D        | Noticed a cane toad
   821 | D        | Reached ***** piety under the Shining One
   829 | D        | Killed a one-headed hydra
   834 | D        | Killed a cane toad
   966 | D        | Noticed a dire elephant
   966 | D        | Noticed a dire elephant
   966 | D        | Noticed an elephant
   966 | D        | Noticed an elephant
   966 | D        | Noticed an elephant
   966 | D        | Noticed an elephant
   972 | D        | Killed an elephant
   974 | D        | Noticed an elephant
   981 | D        | Noticed an elephant
   987 | D        | Killed a dire elephant
  1001 | D        | Killed a dire elephant
  1001 | D        | Reached XP level 11. HP: 87/108 MP: 10/10
  1147 | D        | Noticed Erica
  1156 | D        | Killed Erica
  1170 | D        | Noticed Gastronok
  1170 | D        | Reached ****** piety under the Shining One
  1182 | D        | Killed Gastronok
  1182 | D        | Reached skill level 15 in Fighting
  1182 | D        | Reached skill level 15 in Armour
  1264 | D        | Noticed Maurice
  1273 | D        | Killed Maurice
  1376 | D        | Noticed an orc knight
  1376 | D        | Noticed an orc knight
  1383 | D        | Killed an orc knight
  1388 | D        | Killed an orc knight
  1408 | D        | Reached skill level 15 in Dodging
  1574 | D        | Found Hih Nese's Book Boutique.
  1574 | D        | Noticed an orc sorcerer
  1575 | D        | Noticed an orc sorcerer
  1578 | D        | Noticed an orc sorcerer
  1581 | D        | Noticed a soul eater
  1581 | D        | Found Xiufim's Antique Armour Shop.
  1585 | D        | Killed an orc sorcerer
  1585 | D        | Reached XP level 12. HP: 123/124 MP: 11/11
  1594 | D        | Found Pasche's Antique Weapon Boutique.
  1679 | D        | Found Geik's Distillery.
  1809 | D        | Bought a glowing demon whip for 414 gold pieces
  1811 | D        | Bought an ancient ring mail for 252 gold pieces
  1823 | D        | Identified the cursed +0 ring mail of Complete Protection
                  | {rN++ Str+5 Int-3} (You bought it in a shop in the Dungeon)
  1823 | D        | Identified a glowing sacred scourge {god gift} (a glowing
                  | demon whip blessed by the Shining One)
  1823 | D        | Received a gift from the Shining One
  1861 | D        | Noticed Grum
  1869 | D        | Killed Grum
  1876 | D        | Noticed Joseph
  1886 | D        | Killed Joseph
  1964 | D        | Got the cursed +2 trident of Nev Moito {vamp, rN++}
  2013 | D        | Noticed a two-headed ogre
  2025 | D        | Killed a two-headed ogre
  2041 | D        | Noticed a stone giant
  2047 | D        | Noticed an ice dragon
  2056 | D        | Noticed a red very ugly thing
  2068 | D        | Killed a stone giant
  2068 | D        | Reached skill level 10 in Maces & Flails
  2077 | D        | Killed a red very ugly thing
  2087 | D        | Killed an ice dragon
  2351 | D        | Noticed Snorg
  2352 | D        | Noticed Aizul
  2364 | D        | Killed Aizul
  2371 | D        | Killed Snorg
  2501 | D        | Noticed a nagaraja
  2501 | D        | Noticed a naga warrior
  2501 | D        | Noticed a nagaraja
  2502 | D        | Noticed an anaconda
  2509 | D        | Killed a nagaraja
  2509 | D        | Reached XP level 13. HP: 136/136 MP: 12/12
  2525 | D        | Killed a nagaraja
  2729 | D        | Noticed a merfolk impaler
  2766 | D        | Killed a merfolk impaler
  3060 | D        | Reached skill level 1 in Invocations
  3131 | D        | Reached skill level 5 in Invocations
  3239 | D        | Noticed a spriggan defender
  3239 | D        | Noticed a vampire knight
  3239 | D        | Noticed a fire dragon
  3240 | D        | Noticed a vampire knight
  3251 | D        | Killed a fire dragon
  3254 | D        | Noticed a fire dragon
  3266 | D        | Killed a vampire knight
  3266 | D        | Noticed a brown very ugly thing
  3270 | D        | Killed a vampire knight
  3274 | D        | Noticed a stone giant
  3282 | D        | Killed a spriggan defender
  3290 | D        | Killed a brown very ugly thing
  3290 | D        | Reached XP level 14. HP: 106/151 MP: 17/19
  3310 | D        | Killed a stone giant
  3317 | D        | Noticed a frost giant
  3329 | D        | Killed a frost giant
  3339 | D        | Noticed a stone giant
  3347 | D        | Reached skill level 10 in Invocations
  3354 | D        | Killed a stone giant
  3361 | D        | Noticed a stone giant
  3382 | D        | Killed a stone giant
  3701 | D        | Noticed an ironheart preserver
  3702 | D        | Noticed an ironheart preserver
  3715 | D        | Killed an ironheart preserver
  3723 | D        | Noticed a vault warden
  3729 | D        | Killed an ironheart preserver
  3748 | D        | Killed a vault warden
  4062 | D        | Noticed Boris
  4073 | D        | Killed Boris
  4131 | D        | Noticed Ilsuiw
  4137 | D        | Reached skill level 15 in Invocations
  4162 | D        | Killed Ilsuiw
  4162 | D        | Reached XP level 15. HP: 91/162 MP: 17/25
  4239 | D        | Got a barnacled rune of Zot
  4887 | D        | Got a gossamer rune of Zot
  5205 | D        | Got a decaying rune of Zot
  5212 | D        | Noticed a nagaraja
  5212 | D        | Noticed a nagaraja
  5212 | D        | Noticed a nagaraja
  5212 | D        | Noticed a nagaraja
  5217 | D        | Killed a nagaraja
  5217 | D        | Noticed a nagaraja
  5225 | D        | Killed a nagaraja
  5230 | D        | Killed a nagaraja
  5231 | D        | Noticed a nagaraja
  5232 | D        | Noticed a nagaraja
  5235 | D        | Killed a nagaraja
  5241 | D        | Killed a nagaraja
  5253 | D        | Killed a nagaraja
  5264 | D        | Killed a nagaraja
  5293 | D        | Got a serpentine rune of Zot
  5516 | D        | Noticed Rupert
  5526 | D        | Killed Rupert
  5560 | D        | Noticed a tengu reaver
  5560 | D        | Noticed a tengu reaver
  5561 | D        | Noticed Sojobo
  5571 | D        | Killed a tengu reaver
  5573 | D        | Noticed Azrael
  5577 | D        | Killed a tengu reaver
  5587 | D        | Killed Sojobo
  5587 | D        | Reached XP level 16. HP: 106/178 MP: 22/29
  5596 | D        | Killed Azrael
  6156 | D        | Noticed a shadow dragon
  6178 | D        | Noticed a shadow dragon
  6188 | D        | Killed a shadow dragon
  6203 | D        | Killed a shadow dragon
  6256 | D        | Noticed a shadow dragon
  6256 | D        | Noticed a titan
  6256 | D        | Noticed a shadow dragon
  6258 | D        | Noticed a quicksilver dragon
  6262 | D        | Noticed a shadow dragon
  6273 | D        | Killed a shadow dragon
  6274 | D        | Noticed a quicksilver dragon
  6292 | D        | Killed a titan
  6308 | D        | Killed a shadow dragon
  6324 | D        | Killed a shadow dragon
  6332 | D        | Killed a quicksilver dragon
  6348 | D        | Killed a quicksilver dragon
  6358 | D        | Got a silver rune of Zot
  6359 | D        | Identified Wuam's Disquisition on Venomous Malediction
  6395 | D        | Noticed Louise
  6396 | D        | Noticed Mennas
  6472 | D        | Killed Mennas
  6472 | D        | Reached skill level 27 in Fighting
  6472 | D        | Reached skill level 27 in Armour
  6472 | D        | Reached XP level 17. HP: 44/191 MP: 31/31
  6485 | D        | Killed Louise
  6953 | D        | Noticed Xtahua
  6964 | D        | Killed Xtahua
  6965 | D        | Found the +6 fire dragon scales of Xtahua {rF+++ rC- MR+}
  7017 | D        | Got the amulet of Oraf {Reflect rElec rF- Dex+3 SH+2}
  7019 | D        | Got the amulet "Souromno" {Gourm +Inv MP+9 Int+5 Slay-2}
  7021 | D        | Got the ring "Wessum" {rCorr Int+4 Dex+5}
  7023 | D        | Found the -1 butterfly sword {speed, MR+ *Curse}
  7025 | D        | Got the ring of Law {Ice +Inv MR+ Str-5}
  7039 | D        | Got the +5 glaive of Nemelex Xobeh {freeze, Int+3}
  7042 | D        | Got the +5 triple sword of the Crawling Thing {antimagic,
                  | Dex+2}
  7054 | D        | Got the +0 hat of Kezeo {rElec}
  7178 | D        | Noticed Jory
  7192 | D        | Killed Jory
  7283 | D        | Noticed Frederick
  7294 | D        | Killed Frederick
  7326 | D        | Noticed a titan
  7364 | D        | Killed a titan
  7372 | D        | Noticed a golden dragon
  7390 | D        | Killed a golden dragon
  7495 | D        | Noticed a bone dragon
  7502 | D        | Killed a bone dragon
  7527 | D        | Noticed a bone dragon
  7561 | D        | Killed a bone dragon
  7750 | D        | Noticed a tentacled monstrosity
  7776 | D        | Killed a tentacled monstrosity
  7831 | D        | Noticed a curse toe
  7835 | D        | Reached skill level 27 in Invocations
  7837 | D        | Reached skill level 27 in Dodging
  7842 | D        | Reached skill level 1 in Evocations
  7843 | D        | Noticed an Orb Demon
  7845 | D        | Reached skill level 1 in Spellcasting
  7890 | D        | Killed a curse toe
  7897 | D        | Killed an Orb Demon
  7897 | D        | Reached skill level 5 in Evocations
  8271 | D        | Noticed a golden dragon
  8286 | D        | Reached skill level 5 in Spellcasting
  8286 | D        | Reached XP level 18. HP: 178/200 MP: 34/34
  8314 | D        | Killed a golden dragon
  8492 | D        | Noticed a golden dragon
  8495 | D        | Reached skill level 10 in Evocations
  8511 | D        | Killed a golden dragon
  8654 | D        | Noticed an Orb Guardian
  8654 | D        | Noticed an Orb Guardian
  8654 | D        | Noticed an Orb Guardian
  8654 | D        | Noticed an Orb Guardian
  8654 | D        | Noticed an Orb Guardian
  8654 | D        | Noticed an Orb Guardian
  8662 | D        | Killed an Orb Guardian
  8669 | D        | Killed an Orb Guardian
  8674 | D        | Killed an Orb Guardian
  8674 | D        | Reached skill level 15 in Maces & Flails
  8682 | D        | Killed an Orb Guardian
  8693 | D        | Killed an Orb Guardian
  8699 | D        | Killed an Orb Guardian
  8912 | D        | Noticed an Orb Guardian
  8913 | D        | Noticed an Orb Guardian
  8914 | D        | Noticed an Orb Guardian
  8915 | D        | Noticed an Orb Guardian
  8923 | D        | Killed an Orb Guardian
  8935 | D        | Killed an Orb Guardian
  8943 | D        | Killed an Orb Guardian
  8949 | D        | Killed an Orb Guardian
  8955 | D        | Noticed an Orb Guardian
  8955 | D        | Noticed an Orb Guardian
  8956 | D        | Noticed an Orb Guardian
  8971 | D        | Noticed an Orb Guardian
  8986 | D        | Killed an Orb Guardian
  8986 | D        | Reached skill level 27 in Shields
  8996 | D        | Killed an Orb Guardian
  9012 | D        | Killed an Orb Guardian
  9020 | D        | Killed an Orb Guardian
  9093 | D        | Noticed an ancient lich
  9106 | D        | Killed an ancient lich
  9109 | D        | Noticed an orb of fire
  9109 | D        | Gained mutation: Your mind is acute. (Int +2) [an orb of
                  | fire]
  9112 | D        | Gained mutation: Armour fits poorly on your strangely
                  | shaped body. [an orb of fire]
  9117 | D        | HP: 7/200 [orb of fire/fireball (54)]
  9120 | D        | The Shining One protects you from harm!
  9123 | D        | Killed from afar by an orb of fire

Skill      XL: |  1  2  3  4  5  6  7  8  9 10 11 12 13 14 15 16 17 18 |
---------------+-------------------------------------------------------+-----
Shields        | 4 6 7 10 12 13 14 15 19 25 27 | 27.0
Maces & Flails | 3 6 12 24 | 24.6
Armour         | 4 5 6 8 9 10 11 13 16 18 21 22 25 27 | 27.0
Dodging        | 1 3 4 6 7 8 10 12 15 17 19 21 23 25 27 | 27.0
Fighting       | 4 5 6 7 9 11 13 16 18 21 23 25 27 | 27.0
Long Blades    | 3 7 10 11 13 14 | 14.4
Invocations    | 8 15 20 23 27 | 27.0
Evocations     | 6 12 | 12.5
Spellcasting   | 5 9 |  9.9

Action                   |  1- 3 |  4- 6 |  7- 9 | 10-12 | 13-15 | 16-18 || total
-------------------------+-------+-------+-------+-------+-------+-------++-------
Melee: Flail             |    32 |     5 |       |       |       |       ||    37
       Headbutt          |     4 |     2 |     9 |    80 |   170 |   290 ||   555
       Scimitar          |       |    14 |    49 |   199 |   111 |    71 ||   444
       Sacred scourge    |       |       |       |   105 |   451 |   752 ||  1308
Invok: Divine Shield     |       |       |       |     1 |     1 |     3 ||     5
       Brand Weapon With |       |       |       |     1 |       |       ||     1
       Summon Divine War |       |       |       |       |     6 |    11 ||    17
       Cleansing Flame   |       |       |       |       |       |     3 ||     3
Evoke: Wand              |       |       |     1 |       |       |     2 ||     3
  Use: Potion            |     1 |       |     2 |     3 |     4 |     5 ||    15
       Scroll            |       |       |     4 |     5 |     4 |     3 ||    16
  Eat: Chunk             |       |       |       |     6 |     7 |     6 ||    19
       Ration            |       |       |       |       |     1 |     3 ||     4
Armor: Scale mail        |     9 |     5 |     4 |    20 |       |       ||    38
       Storm dragon scal |       |       |       |     7 |   127 |    59 ||   193
       Ring mail         |       |       |       |     1 |       |       ||     1
       Gold dragon scale |       |       |       |       |       |    38 ||    38
Dodge: Dodged            |    12 |     6 |    15 |    79 |   301 |   218 ||   631
Block: Shield            |    14 |    12 |    23 |   116 |       |       ||   165
       Buckler           |       |       |       |    11 |   228 |    39 ||   278
       Large shield      |       |       |       |       |       |   456 ||   456
       Reflection        |       |       |       |       |       |     5 ||     5
